APP
ELIZABETHTON TWINS @ PRINCETON RAYS
10/22/2048
 
TOP OF THE 1ST
Burlington Royals batting - Pitching for Boston (APP) Red Sox : RHP Kevin Bonkowski
Pitching: RHP Kevin Bonkowski
Batting: RHB Devin Garrett 0-0: Ball
1-0: Ground out 6-3 (Groundball, 6, EV 107.5 MPH)
Batting: RHB Jake Burkhart 0-0: Ball
1-0: Ground out 4-3 (Groundball, 4, EV 86.9 MPH)
Batting: LHB Natanael Frois 0-0: Ball
1-0: Called Strike
1-1: Fly out, F7 (Flyball, 7S, EV 88.1 MPH)
Top of the 1st over - 0 runs, 0 hits, 0 errors, 0 left on base; Burlington 0 - Boston (APP) 0
BOTTOM OF THE 1ST
Boston (APP) Red Sox batting - Pitching for Burlington Royals : RHP Jesus Ruiz
Pitching: RHP Jesus Ruiz
Batting: LHB Jerry Thrasher 0-0: Ball
1-0: Ball
2-0: Called Strike
2-1: Foul Ball, location: 2F
2-2: Strikes out swinging
Batting: RHB Dan Briggs 0-0: Called Strike
0-1: Called Strike
0-2: Foul Ball, location: 2F
0-2: Fly out, F9 (Flyball, 9S, EV 93.1 MPH)
Batting: LHB Jimmy Linn 0-0: Ball
1-0: Ball
2-0: Foul Ball, location: 2F
2-1: Ball
3-1: Base on Balls
Batting: RHB Adan Williams 0-0: Ball
Passed Ball!
Jimmy Linn to second
1-0: Ball
2-0: Ball
3-0: Called Strike
3-1: Foul Ball, location: 2F
3-2: Foul Ball, location: 2F
3-2: Foul Ball, location: 2F
3-2: Foul Ball, location: 2F
3-2: Ground out 6-3 (Groundball, 56, EV 85.0 MPH)
Bottom of the 1st over - 0 runs, 0 hits, 0 errors, 1 left on base; Burlington 0 - Boston (APP) 0
TOP OF THE 2ND
Burlington Royals batting - Pitching for Boston (APP) Red Sox : RHP Kevin Bonkowski
Batting: LHB Jason Smith 0-0: Foul Ball, location: 2F
0-1: Foul Ball, location: 2F
0-2: Ball
1-2: DOUBLE (Flyball, 78XD, EV 95.6 MPH)
Batting: LHB Jason Mills 0-0: Called Strike
0-1: Ball
1-1: Ball
2-1: Foul Ball, location: 2F
2-2: Ball
3-2: Foul Ball, location: 2F
3-2: Foul Ball, location: 2F
3-2: Foul Ball, location: 2F
3-2: Foul Ball, location: 2F
3-2: Base on Balls
Batting: RHB Jason Sloan 0-0: Foul Ball, location: 2F
0-1: SINGLE (Line Drive, 9LS, EV 92.5 MPH)
Jason Smith to third
Jason Mills to second
Runner from 3rd tries for Home, SAFE, no throw by RF
Batting: LHB Jim Hollowell 0-0: Ball
1-0: Ball
2-0: Swinging Strike
2-1: Ball
3-1: Base on Balls
Jason Mills to third
Jason Sloan to second
Batting: LHB Lapaele Keneke 0-0: Ball
1-0: Called Strike
1-1: Swinging Strike
1-2: Ball
2-2: Strikes out swinging
Batting: RHB Josh Tull 0-0: Called Strike
0-1: Fly out, F9 (Flyball, 89D, EV 100.0 MPH)
Runner from 3rd tags up, SCORES, throw by RF
Jason Sloan to third
Batting: RHB Devin Garrett 0-0: Ball
1-0: Foul Ball, location: 2F
1-1: Foul Ball, location: 2F
1-2: Ball
2-2: Foul Ball, location: 2F
2-2: Ground out 5-3 (Groundball, 56, EV 93.1 MPH)
Top of the 2nd over - 2 runs, 2 hits, 0 errors, 2 left on base; Burlington 2 - Boston (APP) 0
BOTTOM OF THE 2ND
Boston (APP) Red Sox batting - Pitching for Burlington Royals : RHP Jesus Ruiz
Batting: RHB Joel Jones 0-0: Called Strike
0-1: Foul Ball, location: 2F
0-2: Strikes out swinging
Batting: SHB Efrain Garcia 0-0: Ball
1-0: Called Strike
1-1: Ball
2-1: Ground out 4-3 (Groundball, 34, EV 88.1 MPH)
Batting: RHB Miguel Espinoza 0-0: Ball
1-0: Called Strike
1-1: SINGLE (Groundball, 4D, EV 107.5 MPH)
Batting: LHB Hai Cahn 0-0: Ball
Miguel Espinoza steals 2nd base
1-0: Ball
2-0: Ball
3-0: Called Strike
3-1: Foul Ball, location: 2F
3-2: Strikes out looking
Bottom of the 2nd over - 0 runs, 1 hit, 0 errors, 1 left on base; Burlington 2 - Boston (APP) 0
TOP OF THE 3RD
Burlington Royals batting - Pitching for Boston (APP) Red Sox : RHP Kevin Bonkowski
Batting: RHB Jake Burkhart 0-0: Called Strike
0-1: Ball
1-1: Ground out 4-3 (Groundball, 4M, EV 82.5 MPH)
Batting: LHB Natanael Frois 0-0: Ball
1-0: Ball
2-0: Ground out 3-1 (Groundball, 34, EV 87.5 MPH)
Batting: LHB Jason Smith 0-0: Called Strike
0-1: Hit by Pitch
Batting: LHB Jason Mills 0-0: Hit by Pitch
Jason Smith to second
Batting: RHB Jason Sloan 0-0: Ball
1-0: Called Strike
1-1: Called Strike
1-2: Ball
2-2: Fly out, F8 (Flyball, 8LD, EV 100.0 MPH)
Top of the 3rd over - 0 runs, 0 hits, 0 errors, 2 left on base; Burlington 2 - Boston (APP) 0
BOTTOM OF THE 3RD
Boston (APP) Red Sox batting - Pitching for Burlington Royals : RHP Jesus Ruiz
Batting: RHB Francisque Regras 0-0: Ball
1-0: Called Strike
1-1: Swinging Strike
1-2: Strikes out swinging
Batting: LHB Jerry Thrasher 0-0: SINGLE (Line Drive, 9S, EV 105.6 MPH)
Batting: RHB Dan Briggs 0-0: Called Strike
0-1: Ball
1-1: Ball
2-1: Ball
Wild Pitch!
Jerry Thrasher to second
3-1: Fly out, F9 (Flyball, 9LM, EV 94.4 MPH)
Runner from 2nd tags up, SAFE at 3rd, no throw by RF
Batting: LHB Jimmy Linn 0-0: Ground out 3-1 (Groundball, 34, EV 85.0 MPH)
Bottom of the 3rd over - 0 runs, 1 hit, 0 errors, 1 left on base; Burlington 2 - Boston (APP) 0
TOP OF THE 4TH
Burlington Royals batting - Pitching for Boston (APP) Red Sox : RHP Kevin Bonkowski
Batting: LHB Jim Hollowell 0-0: Called Strike
0-1: Ball
1-1: Fly out, F9 (Flyball, 9D, EV 86.3 MPH)
Batting: LHB Lapaele Keneke 0-0: DOUBLE (Line Drive, 78D, EV 105.0 MPH)
Batting: RHB Josh Tull 0-0: Ball
1-0: Ball
2-0: Foul Ball, location: 2F
2-1: SINGLE (Groundball, 6MD, EV 95.0 MPH)
Lapaele Keneke to third
Runner from 3rd tries for Home, SAFE, throw by CF to home
Josh Tull to second
Batting: RHB Devin Garrett 0-0: Ball
1-0: SINGLE (Line Drive, 8LS, EV 93.8 MPH)
Josh Tull to third
Batting: RHB Jake Burkhart 0-0: Ball
1-0: Called Strike
1-1: Ball
2-1: Foul Ball, location: 2F
2-2: SINGLE (Groundball, 56S, EV 66.9 MPH) (infield hit)
Josh Tull scores
Devin Garrett to second
Batting: LHB Natanael Frois 0-0: Called Strike
Devin Garrett steals 3rd base
0-1: Swinging Strike
0-2: Ball
1-2: Strikes out swinging
Batting: LHB Jason Smith 0-0: Ball
1-0: Called Strike
1-1: Fielders Choice at 2nd, 6-4 (Groundball, 6, EV 98.8 MPH)
Top of the 4th over - 2 runs, 4 hits, 0 errors, 2 left on base; Burlington 4 - Boston (APP) 0
BOTTOM OF THE 4TH
Boston (APP) Red Sox batting - Pitching for Burlington Royals : RHP Jesus Ruiz
Batting: RHB Adan Williams 0-0: Ball
1-0: Ball
2-0: Ball
3-0: Base on Balls
Batting: RHB Joel Jones 0-0: Called Strike
Adan Williams is caught stealing 2nd base 2-4
0-1: Foul Ball, location: 2F
0-2: Foul Ball, location: 2F
0-2: Ground out 5-3 (Groundball, 56, EV 83.1 MPH)
Batting: SHB Efrain Garcia 0-0: Fly out, F8 (Line Drive, 8LM, EV 86.9 MPH)
Bottom of the 4th over - 0 runs, 0 hits, 0 errors, 0 left on base; Burlington 4 - Boston (APP) 0
TOP OF THE 5TH
Burlington Royals batting - Pitching for Boston (APP) Red Sox : RHP Kevin Bonkowski
Batting: LHB Jason Mills 0-0: Ball
1-0: Ball
2-0: Foul Ball, location: 2F
2-1: Fly out, F7 (Flyball, 7LSF, EV 92.5 MPH)
Pitching: RHP Mitchell Brosey
Batting: RHB Jason Sloan 0-0: Ground out 1-3 (Groundball, P, EV 60.6 MPH)
Batting: LHB Jim Hollowell 0-0: Foul Ball, location: 2F
0-1: Called Strike
0-2: SINGLE (Line Drive, 6M, EV 98.8 MPH)
Batting: LHB Lapaele Keneke 0-0: Ball
Pickoff Throw to First - Error! E1
Jim Hollowell to second
1-0: DOUBLE (Line Drive, 78D, EV 109.4 MPH)
Jim Hollowell scores
Batting: RHB Josh Tull 0-0: Ball
1-0: Called Strike
1-1: Foul Ball, location: 2F
1-2: Ball
2-2: Strikes out swinging
Top of the 5th over - 1 run, 2 hits, 1 error, 1 left on base; Burlington 5 - Boston (APP) 0
BOTTOM OF THE 5TH
Boston (APP) Red Sox batting - Pitching for Burlington Royals : RHP Jesus Ruiz
Batting: RHB Miguel Espinoza 0-0: Ground out 6-3 (Groundball, 6, EV 83.1 MPH)
Batting: LHB Hai Cahn 0-0: Ball
1-0: Called Strike
1-1: Ball
2-1: Ground out U3 (Groundball, 3L, EV 96.9 MPH)
Batting: RHB Francisque Regras 0-0: Ball
1-0: Fly out, F9 (Flyball, 89D, EV 106.3 MPH)
Bottom of the 5th over - 0 runs, 0 hits, 0 errors, 0 left on base; Burlington 5 - Boston (APP) 0
TOP OF THE 6TH
Burlington Royals batting - Pitching for Boston (APP) Red Sox : RHP Mitchell Brosey
Batting: RHB Devin Garrett 0-0: Ball
1-0: Ball
2-0: Ball
3-0: Base on Balls
Batting: RHB Jake Burkhart 0-0: Called Strike
0-1: Called Strike
0-2: Fly out, F8 (Line Drive, 8RM, EV 83.1 MPH)
Batting: LHB Natanael Frois 0-0: Called Strike
0-1: Ball
1-1: Foul Ball, location: 2F
1-2: Strikes out swinging
Batting: LHB Jason Smith 0-0: Ball
Devin Garrett steals 2nd, throwing error, E2
Devin Garrett to third
1-0: Foul Ball, location: 2F
1-1: Called Strike
1-2: Ball
2-2: Reached on error, E5 (Groundball, 56, EV 83.1 MPH)
Devin Garrett scores
Batting: LHB Jason Mills 0-0: Foul Ball, location: 2F
0-1: Swinging Strike
0-2: Foul Ball, location: 2F
0-2: Ball
1-2: Foul Ball, location: 2F
1-2: Ground out 6-3 (Groundball, 6MS, EV 88.8 MPH)
Top of the 6th over - 1 run, 0 hits, 2 errors, 1 left on base; Burlington 6 - Boston (APP) 0
BOTTOM OF THE 6TH
Boston (APP) Red Sox batting - Pitching for Burlington Royals : RHP Jesus Ruiz
Batting: LHB Jerry Thrasher 0-0: Called Strike
0-1: Ball
1-1: Swinging Strike
1-2: Ball
2-2: Strikes out swinging
Batting: RHB Dan Briggs 0-0: Ball
1-0: Called Strike
1-1: Called Strike
1-2: Foul Ball, location: 2F
1-2: Ground out 6-3 (Groundball, 6, EV 86.9 MPH)
Batting: LHB Jimmy Linn 0-0: Foul Ball, location: 2F
0-1: DOUBLE (Groundball, 3L, EV 107.5 MPH)
Pitching: RHP Joel Cruz
Batting: RHB Adan Williams 0-0: Ground out 1-3 (Groundball, 15, EV 69.4 MPH)
Bottom of the 6th over - 0 runs, 1 hit, 0 errors, 1 left on base; Burlington 6 - Boston (APP) 0
TOP OF THE 7TH
Burlington Royals batting - Pitching for Boston (APP) Red Sox : RHP Mitchell Brosey
Batting: RHB Jason Sloan 0-0: Foul Ball, location: 2F
0-1: Ball
1-1: SINGLE (Groundball, 56, EV 75.0 MPH) (infield hit)
Pitching: LHP Jerry Whitfield
Batting: LHB Jim Hollowell 0-0: Ball
1-0: Called Strike
1-1: Fielders Choice at 2nd, 3-6 (Groundball, 3, EV 98.1 MPH)
Batting: LHB Lapaele Keneke 0-0: Called Strike
Jim Hollowell steals 2nd base
0-1: Ground out 4-3 (Groundball, 4, EV 83.1 MPH)
Jim Hollowell to third
Batting: RHB Josh Tull 0-0: Called Strike
0-1: SINGLE (Flyball, 7S, EV 89.4 MPH)
Jim Hollowell scores
Pinch Hitting: RHB Allen Hopkins 0-0: Ball
1-0: Called Strike
1-1: Foul Ball, location: 2F
1-2: Ground out U3 (Groundball, 34S, EV 86.3 MPH)
Top of the 7th over - 1 run, 2 hits, 0 errors, 1 left on base; Burlington 7 - Boston (APP) 0
BOTTOM OF THE 7TH
Boston (APP) Red Sox batting - Pitching for Burlington Royals : RHP Joel Cruz
Now at 2B: Allen Hopkins
Batting: RHB Joel Jones 0-0: SINGLE (Line Drive, 8RS, EV 92.5 MPH)
Batting: SHB Efrain Garcia 0-0: Called Strike
0-1: Foul Ball, location: 2F
0-2: Ball
1-2: Ball
2-2: Foul Ball, location: 2F
2-2: Strikes out swinging
Batting: RHB Miguel Espinoza 0-0: Called Strike
0-1: Fielders Choice at 2nd, 3-6 (Groundball, 34, EV 88.1 MPH)
Batting: LHB Hai Cahn 0-0: Ground out 4-3 (Groundball, 4, EV 103.8 MPH)
Bottom of the 7th over - 0 runs, 1 hit, 0 errors, 1 left on base; Burlington 7 - Boston (APP) 0
TOP OF THE 8TH
Burlington Royals batting - Pitching for Boston (APP) Red Sox : LHP Jerry Whitfield
Pinch Hitting: RHB Andres Loera 0-0: Ball
1-0: Called Strike
1-1: Fly out, F9 (Flyball, 9S, EV 88.8 MPH)
Pinch Hitting: RHB Paulo Orey 0-0: Called Strike
0-1: Ball
1-1: Ball
2-1: Ball
3-1: Called Strike
3-2: Foul Ball, location: 2F
3-2: Base on Balls
Pitching: RHP Derek Thompson
Batting: LHB Jason Smith 0-0: Called Strike
0-1: Called Strike
0-2: Ball
1-2: Ball
2-2: Foul Ball, location: 2F
2-2: Foul Ball, location: 2F
2-2: Foul Ball, location: 2F
2-2: Foul Ball, location: 2F
2-2: Ball
Passed Ball!
Paulo Orey to second
3-2: Foul Ball, location: 2F
3-2: Strikes out looking
Batting: LHB Jason Mills 0-0: Called Strike
0-1: Foul Ball, location: 2F
0-2: Foul Ball, location: 2F
0-2: Ball
1-2: Ball
2-2: Strikes out swinging
Top of the 8th over - 0 runs, 0 hits, 0 errors, 1 left on base; Burlington 7 - Boston (APP) 0
BOTTOM OF THE 8TH
Boston (APP) Red Sox batting - Pitching for Burlington Royals : RHP Joel Cruz
Now at 1B: Paulo Orey
Now at SS: Andres Loera
Batting: RHB Francisque Regras 0-0: Called Strike
0-1: Foul Ball, location: 2F
0-2: Ball
1-2: Strikes out looking
Batting: LHB Jerry Thrasher 0-0: Called Strike
0-1: Foul Ball, location: 2F
0-2: Ball
1-2: Reached on error, E5 (Groundball, 56, EV 88.1 MPH)
Batting: RHB Dan Briggs 0-0: Called Strike
0-1: Ball
1-1: Ball
Wild Pitch!
Jerry Thrasher to third
2-1: Ground out 6-3 (Groundball, 6, EV 101.3 MPH)
Jerry Thrasher scores
Batting: LHB Jimmy Linn 0-0: Ball
1-0: Called Strike
1-1: Ball
2-1: Ground out 5-3 (Groundball, 6, EV 98.8 MPH)
Bottom of the 8th over - 1 run, 0 hits, 1 error, 0 left on base; Burlington 7 - Boston (APP) 1
TOP OF THE 9TH
Burlington Royals batting - Pitching for Boston (APP) Red Sox : RHP Derek Thompson
Batting: RHB Jason Sloan 0-0: Ball
1-0: Ball
2-0: Swinging Strike
2-1: Called Strike
2-2: Strikes out looking
Pitching: RHP Willie Sanchez
Batting: LHB Jim Hollowell 0-0: Ball
1-0: Called Strike
1-1: SINGLE (Groundball, 4MD, EV 99.4 MPH)
Batting: LHB Lapaele Keneke 0-0: Ball
1-0: Foul Ball, location: 2F
1-1: Swinging Strike
1-2: Foul Ball, location: 2F
1-2: Strikes out swinging
Batting: RHB Josh Tull 0-0: Ball
1-0: Fielders Choice at 2nd, 5-4 (Groundball, 56, EV 81.9 MPH)
Top of the 9th over - 0 runs, 1 hit, 0 errors, 1 left on base; Burlington 7 - Boston (APP) 1
BOTTOM OF THE 9TH
Boston (APP) Red Sox batting - Pitching for Burlington Royals : RHP Joel Cruz
Batting: RHB Adan Williams 0-0: Ball
1-0: Ball
2-0: Called Strike
2-1: Foul Ball, location: 2F
2-2: Ball
3-2: Base on Balls
Batting: RHB Joel Jones 0-0: Ball
1-0: Called Strike
1-1: Grounds into double play, 5-4-3 (Groundball, 56, EV 81.9 MPH)
Batting: SHB Efrain Garcia 0-0: Called Strike
0-1: Swinging Strike
0-2: Strikes out looking
Bottom of the 9th over - 0 runs, 0 hits, 0 errors, 0 left on base; Burlington 7 - Boston (APP) 1
Tuesday, March 28th , 2023 - OOTP Baseball 23.10 Build 110